 Dungeon Crawl Stone Soup version 0.18-a0-1496-g27d3123 (webtiles) character file.

916 Oddball22 the Cutter (level 8, -1/41 HPs)
             Began as a Vine Stalker Enchanter on Mar 4, 2016.
             Was an Initiate of Gozag.
             Slain by an ogre
             ... wielding a +0 giant spiked club
              (21 damage)
             ... on level 6 of the Dungeon.
             The game lasted 00:20:20 (4840 turns).

Oddball22 the Cutter (Vine Stalker Enchanter)       Turns: 4840, Time: 00:20:20

Health: -1/41      AC: 11    Str: 12    XL:     8   Next: 9%
Magic:  0/16       EV: 12    Int: 15    God:    Gozag
Gold:   508        SH:  0    Dex: 16    Spells: 5 memorised, 5 levels left

rFire  + . .     SeeInvis .     a - +2 dagger
rCold  + . .     Gourm    .     y - +2 leather armour {rF+}
rNeg   . . .     Faith    .     (no shield)
rPois  .         Spirit   +     F - +1 hat
rElec  .         Dismiss  .     s - +0 cloak
rCorr  .         Reflect  .     e - +0 pair of gloves
SustAt .         Harm     .     (no boots)
MR     +....                    (no amulet)
Stlth  ++........               C - +3 ring of protection
                                x - ring of protection from cold

@: very slightly contaminated, somewhat resistant to hostile enchantments,
unstealthy
A: fangs 3, regeneration 2, magic shield, antimagic bite, no device heal 3, rot
immunity
a: Potion Petition, Call Merchant, Bribe Branch, Renounce Religion


You were on level 6 of the Dungeon.
You worshipped Gozag.
Gozag was noncommittal.
You were very hungry.

You visited 2 branches of the dungeon, and saw 7 of its levels.

You collected 539 gold pieces.
You paid 31 gold pieces to Gozag.

Inventory:

Hand Weapons
 a - a +2 dagger (weapon)
Missiles
 f - a throwing net (quivered)
 B - 12 bolts
Armour
 e - a +0 pair of gloves (worn)
 s - a +0 cloak (worn)
 y - a +2 leather armour of fire resistance (worn)
 F - a +1 hat (worn)
Jewellery
 m - an uncursed ring of magical power {unknown}
 v - an uncursed ring of teleportation
 x - a ring of protection from cold (left hand)
 C - a +3 ring of protection (right hand)
Scrolls
 b - a scroll of fear
 g - 4 scrolls of identify
 i - a scroll of enchant weapon
 k - a scroll of blinking {unknown}
 l - a scroll of recharging {unknown}
 o - 2 scrolls of immolation
 p - a scroll of teleportation {unknown}
 q - a scroll of amnesia {unknown}
 t - a scroll of magic mapping
Potions
 h - a potion of brilliance {unknown}
 j - 2 potions of degeneration {unknown}
 n - a potion of heal wounds {unknown}
 u - a potion of ambrosia {unknown}
 E - 2 potions of magic {unknown}
Books
 c - a book of Maledictions

   Spells                             Type                      Level
   a - Corona                         Hexes                        1
   b - Ensorcelled Hibernation        Hexes/Ice                    2
   c - Confuse                        Hexes                        3
   d - Tukima's Dance                 Hexes                        3
   e - Dazzling Spray                 Conjuration/Hexes            3
 D - an Akashic Record

   Spells                             Type                      Level
   a - Dispersal                      Translocation                6
   b - Malign Gateway                 Summoning/Translocation      7
   c - Disjunction                    Translocation                8
   d - Controlled Blink               Translocation                8
Comestibles
 d - 3 bread rations
 r - 2 beef jerkies
 w - a fruit
 z - a meat ration
 A - a royal jelly


   Skills:
 + Level 3.6 Fighting
 * Level 5.8 Short Blades
 - Level 1.5 Dodging
 - Level 3.6 Stealth
 + Level 5.0 Spellcasting
 - Level 3.0 Hexes


You had 5 spell levels left.
You knew the following spells:

 Your Spells              Type           Power        Failure   Level  Hunger
a - Corona                Hex            ##.....      8%          1    None
b - Ensorcelled Hibernat  Hex/Ice        #.....       21%         2    ##.....
c - Confuse               Hex            ##......     21%         3    ###....
d - Tukima's Dance        Hex            ##......     21%         3    ###....
e - Dazzling Spray        Conj/Hex       #.......     38%         3    ###....


Dungeon Overview and Level Annotations

Branches:
Dungeon (6/15)             Temple (1/1) D:4

Altars:
Ashenzari
Dithmenos
Fedhas
Gozag
Kikubaaqudgha
Makhleb
Okawaru
Pakellas
Ru
Sif Muna
Xom
Zin
The Shining One


Innate Abilities, Weirdness & Mutations

You have razor-sharp teeth.
You heal very quickly.
When hurt, damage is shared between your health and your magic reserves.
Your bite disrupts and absorbs the magic of your enemies.
Potions and wands cannot restore your health.
You are immune to rotting.


Message History

Press: ? - help, Shift-Dir - straight line, f/p - ogre
Aim: an ogre, wielding a giant spiked club (chance to defeat MR: 39%)
The ogre resists with some effort.
Casting: Ensorcelled Hibernation
Confirm with . or Enter, or press ? or * to list all spells.
Aiming: Ensorcelled Hibernation
Press: ? - help, Shift-Dir - straight line, f/p - ogre
Aim: an ogre, wielding a giant spiked club (chance to defeat MR: 39%)
The ogre resists with some effort.
The ogre hits you with a giant spiked club!
Casting: Ensorcelled Hibernation
Confirm with . or Enter, or press ? or * to list all spells.
Aiming: Ensorcelled Hibernation
Press: ? - help, Shift-Dir - straight line, f/p - ogre
Aim: an ogre, wielding a giant spiked club (chance to defeat MR: 39%)
The ogre resists with some effort.
The ogre hits you with a giant spiked club!!
Ouch! That really hurt!
You die...
Your body crumbles into a pile of gold.

........ .......
#....##### #######
#.......# #...... .
#..#....# +...... ..[
#.......# #......
.....##.......# #......
......O@......####......
##.....####..........#+#
#..... #..........#.
+..... #..........+..
#..... #..........#..
#.!... #..........#..
#..... #.............
###..( ############..
#..


You could see an ogre.

Vanquished Creatures
  A giant frog (D:3)
  3 crimson imps (D:5)
  4 giant frog zombies (D:4)
  A hound (D:5)
  An orc priest (D:5)
  An orc wizard (D:5)
  A giant frog skeleton (D:5)
  2 iguanas (D:5)
  3 worker ants
  A hound zombie (D:4)
  A hound skeleton (D:4)
  2 worker ant zombies (D:4)
  10 gnolls
  11 adders
  A shadow imp (D:5)
  An adder skeleton (D:6)
  4 adder zombies
  A dart slug (D:1)
  3 giant geckos
  16 orcs
  6 bats
  5 giant cockroaches
  8 goblins
  9 hobgoblins
  4 jackals (D:2)
  9 kobolds
  3 quokkas
  2 giant gecko skeletons (D:4)
  A giant gecko zombie (D:4)
  A jackal skeleton (D:4)
  A quokka skeleton (D:4)
  8 rats
125 creatures vanquished.

Notes
Turn   | Place    | Note
--------------------------------------------------------------
     0 | D:1      | Oddball22 the Vine Stalker Enchanter began the quest for the Orb.
     0 | D:1      | Reached XP level 1. HP: 9/9 MP: 4/4
     6 | D:1      | Noticed a komodo dragon
     6 | D:1      | Noticed a killer bee
     6 | D:1      | Noticed a black bear
     7 | D:1      | Noticed a wolf
     7 | D:1      | Noticed a seven-headed hydra
    22 | D:1      | Reached skill level 1 in Short Blades
   161 | D:1      | Reached XP level 2. HP: 10/13 MP: 6/6
   342 | D:1      | Learned a level 2 spell: Ensorcelled Hibernation
   746 | D:2      | Reached XP level 3. HP: 11/16 MP: 6/8
  1215 | D:2      | Found a sacrificial altar of Ru.
  1352 | D:2      | Reached XP level 4. HP: 21/21 MP: 9/9
  1746 | D:2      | Learned a level 3 spell: Confuse
  1750 | D:2      | Learned a level 3 spell: Tukima's Dance
  1783 | D:2      | Reached skill level 1 in Fighting
  2074 | D:2      | Reached XP level 5. HP: 14/25 MP: 7/10
  2138 | D:3      | Found a blossoming altar of Fedhas.
  2497 | D:3      | Gained mutation: You heal very quickly. [Vine Stalker growth]
  2497 | D:3      | Reached XP level 6. HP: 27/30 MP: 12/12
  2792 | D:4      | Found a staircase to the Ecumenical Temple.
  2808 | Temple   | Entered the Ecumenical Temple
  2976 | Temple   | Became a worshipper of Gozag Ym Sagoz the Greedy
  3355 | D:4      | Reached XP level 7. HP: 24/35 MP: 10/14
  3791 | D:4      | Found an iron altar of Okawaru.
  4027 | D:5      | Entered Level 5 of the Dungeon
  4045 | D:5      | Learned a level 3 spell: Dazzling Spray
  4061 | D:5      | Reached skill level 5 in Short Blades
  4455 | D:5      | Reached skill level 5 in Spellcasting
  4455 | D:5      | Gained mutation: You have razor-sharp teeth. [Vine Stalker growth]
  4455 | D:5      | Reached XP level 8. HP: 40/40 MP: 16/16
  4840 | D:6      | Slain by an ogre

Vault maps used:
D:1:      onia_arrival_zoo_common, glass_columns_b,
          minmay_misc_feat_secret_circle, minmay_misc_feat_nine_boxes
D:2:      lemuel_doored_altar
D:3:      fedhas_altar_fruit_tree, first_bread
D:4:      lemuel_round_altar, minmay_temple_entry_statues, serial_undead,
          serial_undead_c, serial_undead_f, serial_undead_b, serial_undead_f,
          st_stairs_11
D:5:      corexii_shack_village
D:6:      old_standard_altar, hangedman_abyss_or_decor_slice,
          uniq_crazy_yiuf_cottage, uniq_edmund, uniq_blork_the_orc
Temple:   roderic_octagonal_lattice_temple

Skill      XL: |  1  2  3  4  5  6  7 |
---------------+----------------------+-----
Short Blades   | 1 2 3 4 5 |  5.8
Spellcasting   | 3 4 5 |  5.0
Fighting       | 1 2 3 |  3.6
Dodging        | |  1.5
Stealth        | |  3.6
Hexes          | |  3.0

Action                   |  1- 3 |  4- 6 |  7- 9 || total
-------------------------+-------+-------+-------++-------
Melee: Dagger            |   116 |   238 |   265 ||   619
 Cast: Ensorcelled Hiber |       |     6 |     9 ||    15
  Use: Scroll            |       |     1 |     5 ||     6
 Stab: Sleeping          |     7 |     9 |     8 ||    24
       Distracted        |       |     2 |       ||     2
  Eat: Chunk             |     1 |     6 |       ||     7
       Bread ration      |       |       |     1 ||     1
       Fruit             |       |       |     1 ||     1
